 Dungeon Crawl Stone Soup version 0.27.0-1-g7a089689b8 (webtiles) character file.

Game seed: 9876119993346999630

625 ZombieSheep the Skirmisher (level 7, 0/62 HPs)
             Began as a Hill Orc Fighter on Aug 1, 2021.
             Splashed by a jelly's acid (2 damage)
             ... on level 7 of the Dungeon.
             The game lasted 00:06:53 (4736 turns).

ZombieSheep the Skirmisher (Hill Orc Fighter)       Turns: 4736, Time: 00:06:54

Health: 0/62       AC:  9    Str: 19    XL:     7   Next: 47%
Magic:  7/7        EV: 14    Int:  8    God:
Gold:   187        SH:  0    Dex: 12    Spells: 6/6 levels left

rFire    . . .     SeeInvis .   a - +1 trident
rCold    . . .     Faith    .   (no shield)
rNeg     . . .     Spirit   .   b - +0 scale mail
rPois    .         Reflect  .   m - +2 helmet
rElec    .         Harm     .   o - +2 cloak
rCorr    .         Rampage  .   (no gloves)
Will     .....                  (no boots)
Stlth    ..........             (no amulet)
HPRegen  0.20/turn              q - +4 ring of evasion
MPRegen  0.10/turn              (no ring)

@: corroded
A: no striking features
a: no special abilities


You were on level 7 of the Dungeon.
You visited 2 branches of the dungeon, and saw 7 of its levels.

You collected 187 gold pieces.

Inventory:

Hand Weapons
 a - a +1 trident (weapon)
Armour
 b - a +0 scale mail (worn)
 c - a +0 kite shield
 m - a +2 helmet (worn)
 o - a +2 cloak (worn)
Jewellery
 g - a ring of fire
 q - a +4 ring of evasion (left hand)
Wands
 d - a wand of digging (2)
Scrolls
 i - a scroll of fog
 l - a scroll of magic mapping
 n - 4 scrolls of teleportation
 r - a scroll of amnesia {unknown}
Potions
 e - a potion of curing {unknown}
 f - 2 potions of attraction {unknown}
 h - 2 potions of lignification
 j - a potion of mutation {unknown}
 k - a potion of flight {unknown}
 p - a potion of ambrosia {unknown}


   Skills:
 + Level 5.9 Fighting
 + Level 4.7 Polearms
 + Level 5.3 Armour
 + Level 3.0 Dodging
 - Level 3.2 Shields


You had 6 spell levels left.
You didn't know any spells.
Your spell library contained the following spells:

 Spells                   Type           Power      Damage    Failure   Level
 Animate Skeleton         Necr           0%         N/A       77%         1
 Foxfire                  Conj/Fire      0%         2x1d4     77%         1
 Pain                     Necr           0%         1d4       77%         1
 Slow                     Hex            0%         N/A       88%         2
 Confusing Touch          Hex            0%         N/A       98%         3
 Conjure Flame            Conj/Fire      0%         6-21      98%         3
 Ignite Poison            Fire/Tmut/Pois 0%         N/A       98%         3
 Inner Flame              Hex/Fire       0%         N/A       98%         3
 Stone Arrow              Conj/Erth      0%         3d7       98%         3
 Vampiric Draining        Necr           0%         2d6       98%         3
 Animate Armour           Summ/Erth      0%         N/A       100%        4
 Sticky Flame             Conj/Fire      0%         2d3       100%        4
 Lehudib's Crystal Spear  Conj/Erth      0%         10d2      100%        8


Dungeon Overview and Level Annotations

Branches:
Dungeon (5/15)             Temple (1/1) D:4

Altars:
Ashenzari
Dithmenos
Elyvilon
Makhleb
Ru
Trog
Uskayaw
Vehumet
Xom
Yredelemnul

Annotations:
D:4 Pikel


Message History

You closely miss the bullfrog zombie.
The bullfrog zombie is almost destroyed.
The bullfrog zombie misses you. x2
You barely miss the bullfrog zombie.
The bullfrog zombie is almost destroyed.
The bullfrog zombie barely misses you.
You puncture the bullfrog zombie!
You destroy the bullfrog zombie!
No target in view!
No target in view!
A kobold brigand comes into view.
It is wielding a +0 short sword and quivering poisoned darts.
Things that are here:
a +0 mace; an orc corpse You start waiting.
An ogre comes into view. It is wielding a +0 giant club.
You start waiting.
An ogre is nearby!
A jelly comes into view.
The jelly quivers.
The ogre hits you with a +0 giant club.
You hit the ogre.
The ogre is lightly wounded.
The ogre hits you with a +0 giant club!!
You puncture the ogre!
The ogre is heavily wounded.
The ogre barely misses you.
You puncture the ogre!
The ogre is almost dead.
The ogre hits you with a +0 giant club!!
* * * LOW HITPOINT WARNING * * *
You puncture the ogre!
You kill the ogre!
Your Dodging skill increases to level 3!
You barely miss the jelly. The jelly barely misses you.
You barely miss the jelly. The jelly hits you.
* * * LOW HITPOINT WARNING * * *
The acid corrodes you!
You are splashed with acid!
* * * LOW HITPOINT WARNING * * *
You hit the jelly but do no damage.
Your hands burn!
You die...

.#. #..# .#. #..#
.#. #..# .#.
#..####### .#.##
##....J...#
.##.####..######.#
.........## #.#
....###.## #J#
##### #^# #@#
##### #.# #.#
O...# #.# #.#
###.# #.# #.. #.#
#.# #### #.# #..
#.# #)# .##.#


You could see a jelly.

Vanquished Creatures
  Grinder (D:3)
  An ogre (D:7)
  3 lemures (D:4)
  Blork the orc (D:4)
  A bullfrog zombie (D:7)
  A bullfrog skeleton (D:4)
  A hound (D:4)
  Crazy Yiuf (D:3)
  Jessica (D:3)
  3 adders
  An adder skeleton (D:4)
  3 dart slugs
  3 orcs
  8 bats
  9 endoplasms
  5 giant cockroaches
  8 goblins
  6 hobgoblins
  15 jackals
  9 kobolds
  7 quokkas
  9 ball pythons
  A frilled lizard (D:3)
  2 rats
100 creatures vanquished.

Notes
Turn   | Place    | Note
-------+----------+-------------------------------------------
     0 | D:1      | ZombieSheep the Hill Orc Fighter began the quest for the
                  | Orb.
     0 | D:1      | Reached XP level 1. HP: 19/19 MP: 1/1
   180 | D:1      | Reached XP level 2. HP: 27/27 MP: 2/2
   452 | D:1      | Reached XP level 3. HP: 31/33 MP: 3/3
   511 | D:1      | Reached skill level 1 in Dodging
   687 | D:1      | Found a faded altar of an unknown god.
  1298 | D:2      | Reached XP level 4. HP: 37/40 MP: 4/4
  1907 | D:3      | Found a runed translucent door.
  1908 | D:3      | Noticed Crazy Yiuf
  2093 | D:3      | Noticed Grinder
  2094 | D:3      | Paralysed by Grinder for 2 turns
  2100 | D:3      | Paralysed by Grinder for 7 turns
  2108 | D:3      | Paralysed by Grinder for 4 turns
  2113 | D:3      | Killed Grinder
  2114 | D:3      | Reached skill level 5 in Fighting
  2114 | D:3      | Reached XP level 5. HP: 31/48 MP: 5/5
  2114 | D:3      | Reached XP level 6. HP: 37/56 MP: 6/6
  2938 | D:3      | Noticed Jessica
  2943 | D:3      | Killed Jessica
  3125 | D:3      | Killed Crazy Yiuf
  3271 | D:4      | Found a staircase to the Ecumenical Temple.
  3317 | D:4      | Noticed Blork the orc
  3319 | Temple   | Entered the Ecumenical Temple
  3568 | D:4      | Killed Blork the orc
  3569 | D:4      | Reached skill level 5 in Armour
  3569 | D:4      | Reached XP level 7. HP: 51/61 MP: 7/7
  3633 | D:4      | Found a shadowy altar of Dithmenos.
  4032 | D:4      | Noticed Pikel
  4616 | D:5      | Entered Level 5 of the Dungeon
  4617 | D:5      | You fall into a shaft and drop 2 floors!
  4735 | D:7      | HP: 2/62 [acid (7)]
  4736 | D:7      | Splashed by a jelly's acid

Illustrated notes

Levels and vault maps discovered:
D:1:      tarquinn_simple_flora_water_d, layout_loops_ring,
          shapermc_ecumenical_altar_petra, glass_columns_a
D:2:      layout_basic
D:3:      layout_loops_corners, uniq_jessica, uniq_grinder,
          uniq_crazy_yiuf_cottage
D:4:      layout_gridville, grunt_dithmenos_smoke_and_mirrors,
          minmay_temple_entry_mini_moons, uniq_pikel, uniq_blork_the_orc
D:5:      layout_gridville, serial_rivers, chequers_serial_rivers_micro_e,
          chequers_serial_rivers_room_a, chequers_serial_rivers_marsh,
          chequers_serial_rivers_room_a, chequers_serial_rivers_micro_c,
          hangedman_decor_push, minmay_misc_feat_pillars
D:7:      hangedman_cross_stitches, layout_loops_ring, chei_slow_surprise,
          mainiacjoe_overflow_alcove_2, zin_statuary,
          mainiacjoe_overflow_alcove_4
Temple:   jpeg_temple_island

Skill      XL: |  1  2  3  4  5  6  7 |
---------------+----------------------+-----
Fighting       | 4 5 |  5.9
Dodging        | 1 2 3 |  3.0
Polearms       | 3 4 |  4.7
Armour         | 4 5 |  5.3
Shields        | |  3.2

Action                   |  1- 3 |  4- 6 |  7- 9 || total
-------------------------+-------+-------+-------++-------
Melee: Trident           |   143 |   127 |   102 ||   372
  Use: Scroll            |     1 |     5 |     3 ||     9
       Potion            |       |     1 |       ||     1
Armor: Scale mail        |    74 |    53 |    34 ||   161
Dodge: Dodged            |    69 |    56 |    70 ||   195
